 Dungeon Crawl Stone Soup version 0.31-a0-609-g7bf6ffcfed (webtiles) character file.

Game seed: 4236164463720586676

295158 tinescath the Earth Mage (level 20, -11/134 HPs)
             Began as a Gargoyle Earth Elementalist on Aug 21, 2023.
             Was the Champion of Vehumet.
             Mangled by a +2 morningstar of draining (18 damage)
             ... animated by Zenata
             ... on level 3 of the Vaults.
             The game lasted 03:47:44 (77291 turns).

tinescath the Earth Mage (GrEE)                    Turns: 77291, Time: 03:47:44

Health: -11/134    AC:  9    Str: 18    XL:     20   Next: 87%
Magic:  14/42      EV: 11    Int: 28    God:    Vehumet [******]
Gold:   4148       SH: 10    Dex: 13    Spells: 3/55 levels left

rFire   + + .        e - staff of the Unliving {rF+ Str+3 Dex+3 Earth}
rCold   . . .        N - +0 buckler
rNeg    + . .        j - +2 robe {rF+}
rPois   ∞            i - +1 helmet
rElec   +            m - +2 cloak
rCorr   .            a - +2 pair of gloves
SInv    .            n - +1 pair of boots {Stlth+}
Will    ++...        J - amulet "Diel" {Reflect Contam +Inv Will+ SH+5}
Stlth   +++          k - +6 ring of intelligence
HPRegen 0.42/turn    X - ring of wizardry
MPRegen 0.28/turn

%: reflection, wizardry (x1)
@: corroded, flying, very slightly contaminated, studying Staves
A: sickness immunity, AC +15, big wings, negative energy resistance 1,
electricity resistance, torment resistance 1, petrification resistance
}: 2/15 runes: barnacled, gossamer
a: Renounce Religion, Evoke Invisibility


You were on level 3 of the Vaults.
You worshipped Vehumet.
Vehumet was exalted by your worship.
You visited 8 branches of the dungeon, and saw 35 of its levels.
You visited 1 bazaar.
You also visited: Gauntlet and Ice Cave.

You collected 4431 gold pieces.
You spent 283 gold pieces at shops.

Inventory:

Armour
 a - a +2 pair of gloves (worn)
 i - a +1 helmet (worn)
 j - a +2 robe of fire resistance (worn)
 m - a +2 cloak (worn)
 n - a +1 pair of boots of stealth (worn)
 N - a +0 buckler (worn)
 W - a +1 robe of cold resistance
Magical Staves
 e - the staff of the Unliving (weapon) {rF+ Str+3 Dex+3 Earth}
   (You acquired it on level 1 of the Lair of Beasts)

   [staff of earth]

   Base accuracy: +5 Base damage: 5 Base attack delay: 1.2 This weapon's minimum
   attack delay (0.6) is reached at skill level 12.
   Str+3:     It affects your strength (+3).
   Dex+3:     It affects your dexterity (+3).
   rF+:       It protects you from fire.
   Earth:     It increases the power of your Earth spells.
   It falls into the 'Staves' category.
   It is a one-handed weapon.
Jewellery
 k - a +6 ring of intelligence (left hand)
 l - the ring "Benahuan" {rN+ Str+2 Slay+2}
   (You found it on level 2 of the Lair of Beasts)

   [ring of positive energy]

   Str+2:     It affects your strength (+2).
   Slay+2:    It affects your accuracy & damage with ranged weapons and melee
   (+2).
   rN+:       It protects you from negative energy.
 r - a ring of protection from fire
 x - a ring of fire
 y - a ring of resist corrosion
 C - a ring of wizardry
 G - a ring of magical power
 I - a ring of willpower
 J - the amulet "Diel" (around neck) {Reflect Contam +Inv Will+ SH+5}
   (You found it in a Gauntlet)

   [amulet of reflection]

   Reflect:   It reflects blocked missile attacks.
   Will+:     It increases your willpower.
   +Inv:      It lets you turn invisible.
   Contam:    It causes magical contamination when unequipped.
   SH+5:      It affects your SH (+5).
 S - a +6 ring of intelligence
 T - a ring of magical power
 V - a ring of ice
 X - a ring of wizardry (right hand)
 Z - a ring of see invisible
Wands
 c - a wand of mindburst (10)
 q - a wand of flame (50)
 D - a wand of acid (15)
 H - a wand of iceblast (37)
 P - a wand of digging (20)
Scrolls
 d - a scroll of silence
 o - 16 scrolls of teleportation
 p - 8 scrolls of fog
 v - 3 scrolls of amnesia
 F - a scroll of vulnerability
 K - 3 scrolls of fear
 L - a scroll of immolation
 O - 4 scrolls of poison
 Q - 11 scrolls of identify
 U - 2 scrolls of revelation
 Y - 2 scrolls of butterflies
Potions
 b - a potion of magic
 f - 3 potions of lignification
 g - 6 potions of invisibility
 h - 6 potions of haste
 s - 2 potions of resistance
 t - 7 potions of brilliance
 u - 8 potions of ambrosia
 w - a potion of heal wounds
 z - 6 potions of curing
 B - a potion of attraction
 E - 5 potions of mutation
 R - 2 potions of cancellation


   Skills:
 + Level 17.1 Fighting
 - Level 1.7 Dodging
 - Level 2.4 Stealth
 - Level 5.0 Shields
 - Level 18.2 Spellcasting
 + Level 17.8 Conjurations
 - Level 1.0 Transmutations
 + Level 15.1 Ice Magic
 + Level 19.8 Earth Magic


You had 3 spell levels left.
You knew the following spells:

 Your Spells              Type           Power      Damage    Failure   Level
a - Sandblast             Erth           100%       2d20      0%          1
b - Passwall              Tmut/Erth      75%        N/A       1%          2
c - Stone Arrow           Conj/Erth      100%       3d13      0%          3
d - Shatter               Erth           58%        3d44*     8%          9
e - Freeze                Ice            100%       1d10      0%          1
f - Iskenderun's Battles  Conj           90%        2d14      1%          5
h - Hailstorm             Conj/Ice       87%        3d17      0%          3
i - Mephitic Cloud        Conj/Pois/Air  56%        N/A       1%          3
j - Ozocubu's Refrigerat  Ice            42%        4d16      1%          7
k - Lee's Rapid Deconstr  Erth           58%        3d27*     0%          5
l - Freezing Cloud        Conj/Ice/Air   36%        6-21      1%          5
m - Lehudib's Crystal Sp  Conj/Erth      57%        10d13     1%          8

Your spell library contained the following spells:

 Spells                   Type           Power      Damage    Failure   Level
 Polar Vortex             Ice            42%        12d5*     36%         9
 Magic Dart               Conj           100%       1d8       0%          1
 Searing Ray              Conj           100%       2d8       0%          2
 Ozocubu's Armour         Ice            84%        N/A       0%          3
 Kiss of Death            Conj/Necr      100%       2d13      1%          1
 Slow                     Hex            100%       N/A       1%          1
 Sting                    Tmut/Pois      100%       1d8       1%          1
 Summon Small Mammal      Summ           100%       N/A       1%          1
 Call Imp                 Summ           50%        N/A       1%          2
 Poisonous Vapours        Pois/Air       50%        N/A       1%          2
 Static Discharge         Conj/Air       100%       2-7/arc   1%          2
 Wereblood                Tmut           31%        N/A       1%          2
 Dazzling Flash           Conj/Hex       100%       N/A       1%          3
 Ignite Poison            Fire/Tmut/Pois 27%        N/A       1%          3
 Inner Flame              Hex/Fire       25%        N/A       1%          3
 Call Canine Familiar     Summ           25%        N/A       2%          3
 Confusing Touch          Hex            25%        N/A       2%          3
 Gell's Gravitas          Tloc           25%        N/A       2%          3
 Portal Projectile        Hex/Tloc       50%        N/A       2%          3
 Summon Guardian Golem    Hex/Summ       25%        N/A       2%          3
 Teleport Other           Tloc           25%        N/A       2%          3
 Tukima's Dance           Hex            25%        N/A       2%          3
 Vampiric Draining        Necr           25%        2d7       2%          3
 Vhi's Electric Charge    Tloc/Air       50%        N/A       2%          3
 Animate Armour           Summ/Erth      100%       N/A       1%          4
 Fulminant Prism          Conj/Hex       33%        3d16      1%          4
 Iskenderun's Mystic Bla  Conj/Tloc      66%        2d14      1%          4
 Petrify                  Tmut/Erth      90%        N/A       1%          4
 Sticky Flame             Conj/Fire      66%        2d8       1%          4
 Arcjolt                  Conj/Air       33%        1d43      1%          5
 Fireball                 Conj/Fire      33%        3d14      1%          5
 Conjure Ball Lightning   Conj/Air       33%        3x3d11    1%          6
 Orb of Destruction       Conj           45%        9d12      1%          7
 Airstrike                Air            12%        2d(2-18)  2%          4
 Olgreb's Toxic Radiance  Pois           25%        N/A       2%          4
 Yara's Violent Unravell  Hex/Tmut       14%        3d7       5%          5
 Spellforged Servitor     Conj/Summ      33%        N/A       5%          7
 Animate Dead             Necr           25%        N/A       9%          4
 Dispel Undead            Necr           25%        3d12      9%          4
 Passage of Golubria      Tloc           25%        N/A       9%          4
 Summon Lightning Spire   Summ/Air       25%        N/A       9%          4
 Alistair's Intoxication  Tmut/Pois      18%        N/A       19%         5
 Agony                    Necr           25%        N/A       24%         5
 Silence                  Hex/Air        12%        N/A       24%         5
 Summon Forest            Summ/Tloc      12%        N/A       24%         5
 Summon Mana Viper        Hex/Summ       25%        N/A       24%         5
 Dispersal                Tloc           12%        N/A       75%         6
 Summon Cactus Giant      Summ           12%        N/A       75%         6
 Chain Lightning          Conj/Air       33%        3d44      98%         9
 Fire Storm               Conj/Fire      33%        8d8       98%         9
 Enfeeble                 Hex            12%        N/A       99%         7
 Borgnjor's Revivificati  Necr           12%        N/A       100%        8
 Ignition                 Fire           12%        3d6       100%        8
 Maxwell's Capacitive Co  Air            12%        ∞         100%        8


Dungeon Overview and Level Annotations

Branches:
Dungeon (15/15)            Temple (0/1) D:4            Lair (5/5) D:11
 Shoals (4/4) Lair:3       Spider (4/4) Lair:2        Slime (1/5) Lair:4
    Orc (2/2) D:11            Elf (1/3) Orc:2        Vaults (3/5) D:13
  Crypt (0/3) Vaults:3     Depths (0/4) D:15          IceCv (visited)
Gauntlet (visited)

Altars:
Ashenzari
Cheibriados
Elyvilon
Fedhas
Hepliaklqana
Kikubaaqudgha
Makhleb
Okawaru
Qazlal
Trog
Vehumet
Wu Jian
Xom
Yredelemnul
Zin

Shops:
D:10 :   D:14 =   Orc:1 *   Orc:2 (![*!   Shoals:1 !!

Portals:
Trove: D:14 (give +5 fire dragon scales)

Annotations:
D:10 3 runed translucent doors, cforsyth's ghost, journeyman GnAr
D:13 2 transporters
Lair:3 1 runed translucent door, Rupert
Elf:1 6 runed translucent doors
Vaults:3 Zenata


Innate Abilities, Weirdness & Mutations

You are immune to sickness and miasma.
Your stone body is resilient. (AC +15)
You are immune to poison.
Your large and strong wings let you fly.
You resist negative energy. (rN+)
You are resistant to electric shocks. (rElec)
You are resistant to unholy torment.
You are immune to petrification.


Message History

* * * LOW HITPOINT WARNING * * *
The +2 morningstar of draining hits you but does no damage.
The large slime creature hits you but does no damage.
The ironbound preserver is engulfed in freezing vapours.
A white ugly thing comes into view.
A green ugly thing comes into view.
Blink to where?
Press: ? - help, Dir - move target
As you read the scroll of blinking, it crumbles to dust.
Casting: Shatter (dangerous; 8% risk of failure)
Confirm with . or Enter, or press ? or * to list all spells.
You feel a surge of power!
The dungeon rumbles!
A door shatters!
The +3 heavy hand axe is moderately damaged.
A door shatters!
The large slime creature is moderately wounded.
Ka-crash!
Casting: Shatter (dangerous; 8% risk of failure)
Confirm with . or Enter, or press ? or * to list all spells.
You feel a surge of power!
The dungeon rumbles!
The +2 morningstar of draining is severely damaged.
The large slime creature is heavily wounded.
Ka-crash!
The sentinel's mark upon you fades away.
You block the +3 heavy hand axe's attack.
You block the +2 morningstar of draining's attack.
Casting: Shatter (dangerous; 8% risk of failure)
Confirm with . or Enter, or press ? or * to list all spells.
Aiming: Stone Arrow (safe; 0% risk of failure)
Press: ? - help, Shift-Dir - straight line, f - +2 morningstar of draining
Aim: a +2 morningstar of draining (severely damaged, summoned, fast, 55% to hit)
You feel a surge of power!
The stone arrow misses the +2 morningstar of draining.
You block the +3 heavy hand axe's attack.
The +2 morningstar of draining barely misses you.
The +3 heavy hand axe hits you!
* * * LOW HITPOINT WARNING * * *
The +2 morningstar of draining hits you!!
You die...

..........# #.......# ####...##
..........# #.......# #.⌠.#
..........# #.......# #####
..........####...>...##
..........##.#........## ##
'############.##.#.#.#.#..###.###
.............................a.u.
.................(........[...pu.
........).......@(..J....[.....).
####'#####.###.###.#.##.#########
#.[.........###.#####*
#.#.#.#.#.#.'........*
#...).......#........*
#.#.#.#.#.#.#........*
#...........#........* *
#.#.#.#.#.#.#........* *** *
#...........#........* **,** *


You could see a large slime creature and 2 dancing weapons.

Vanquished Creatures
  A sphinx (Vaults:1)
  3 krakens
  Agnes (D:15)
  Kirke (D:13)
  Donald (Lair:3)
  Roxanne (Spider:4)
  6 emperor scorpions (Spider:4)
  5 vault wardens
  Louise (D:15)
  A caustic shrike zombie (D:15)
  6 ghost moths
  3 broodmothers
  An orc warlord (Orc:1)
  A quicksilver ooze (Slime:1)
  9 ironbound preservers
  8 ironbound thunderhulks
  A reaper (Gauntlet)
  A very ugly thing (D:13)
  2 stone giants
  A deep elf demonologist (Elf:1)
  A spark wasp (Spider:2)
  A white draconian (IceCv)
  Azrael (D:13)
  A minotaur (Gauntlet)
  18 dire elephants
  5 merfolk javelineers (Shoals:4)
  Josephine (Shoals:1)
  5 merfolk impalers
  An ettin (Vaults:2)
  7 entropy weavers
  4 deep elf high priests
  Fannar (D:10)
  3 yaktaur captains
  2 great orbs of eyes
  5 vault guards
  2 ice dragons (Shoals:1)
  7 hydras
  2 ogre magi
  4 boulder beetles
  3 merfolk aquamancers (Shoals:4)
  4 alligator snapping turtles
  10 two-headed ogres
  3 radroaches
  8 ironbound frosthearts
  6 centaur warriors
  3 merfolk avatars
  2 satyrs
  2 tengu warriors
  3 dancing weapons (Elf:1)
  5 death yaks
  10 demonic crawlers
  7 orc high priests
  7 deep elf knights (Elf:1)
  3 sun demons (Shoals:4)
  A spark wasp zombie (D:15)
  4 pharaoh ants
  2 skeletal warriors (D:15)
  A sun moth (Spider:3)
  Lodul (D:10)
  8 skysharks
  19 sea snakes
  A glowing orange brain (Vaults:3)
  A flayed ghost (D:15)
  28 deep trolls
  4 orb spiders
  12 ironbound convokers
  A tengu zombie (D:15)
  A necromancer (D:15)
  7 steelbarb worms
  4 deep elf archers (Elf:1)
  A phantasmal warrior (D:13)
  7 lindwurms
  3 wizards
  11 deep elf pyromancers
  7 deep elf zephyrmancers (Elf:1)
  16 harpies
  12 wolf spiders
  13 manticores
  An orc knight (D:13)
  20 ugly things
  An oklob plant (Lair:2)
  An orc sorcerer (Elf:1)
  12 fauns
  5 elephants
  5 cyclopes
  Maurice (D:13)
  4 moths of wrath
  Joseph (D:8)
  8 merfolk sirens
  10 vault sentinels
  Jeremiah (D:8)
  2 ice statues (IceCv)
  6 black mambas
  21 cane toads
  7 water nymphs
  A torpor snail (Lair:4)
  An unseen horror (D:11)
  Psyche (D:10)
  2 gargoyles
  A minotaur zombie (Gauntlet)
  12 rime drakes
  2 tengu conjurers (D:14)
  A komodo dragon (shapeshifter) (Vaults:1)
  11 yaktaurs
  2 kobold demonologists
  10 komodo dragons
  An ice devil (Gauntlet)
  2 freezing wraiths
  8 trolls
  22 tarantellas
  3 meliai (Spider:1)
  35 merfolk
  A polar bear (Lair:4)
  A wolf spider simulacrum (D:15)
  6 wind drakes
  The ghost of thirtiethelement the Firebug, an amateur DsCA of Ignis (D:4)
  4 tyrant leeches (Lair:5)
  A hellwing (Gauntlet)
  2 hornets
  31 blink frogs
  8 snapping turtles
  21 jumping spiders
  24 slime creatures
  An air elemental (Elf:1)
  A shadow (D:11)
  18 culicivoras
  7 wraiths
  8 water elementals
  11 wyverns
  2 hogs (D:13)
  8 basilisks
  3 steam dragons
  61 yaks
  A human (Lair:3)
  2 fire elementals (D:13)
  Grum (D:8)
  82 redbacks
  11 vampire mosquitoes
  5 wargs (Orc:2)
  3 swamp worms (Lair:5)
  A warg (shapeshifter) (D:14)
  A human zombie (D:15)
  An acid dragon (D:10)
  21 water moccasins
  3 hell hounds
  3 ice beasts
  17 orc warriors
  2 sky beasts (D:7)
  4 black bears
  5 boggarts (Vaults:1)
  11 centaurs
  17 ogres
  12 wolves
  2 phantoms (D:6)
  5 scorpions
  14 bullfrogs
  4 earth elementals (Elf:1)
  3 gnoll sergeants
  2 wyvern zombies (D:6)
  2 water moccasin zombies (D:6)
  A water moccasin skeleton (D:6)
  13 wights
  A wyvern skeleton (D:6)
  13 killer bees
  7 howler monkeys
  A lindwurm simulacrum (IceCv)
  An electric eel (Lair:5)
  3 centaur zombies
  4 komodo dragon simulacra (IceCv)
  4 bullfrog zombies (D:6)
  A jelly (D:8)
  2 bullfrog skeletons (D:6)
  45 orc priests
  2 sleepcaps
  Crazy Yiuf (D:5)
  6 hounds
  2 iguanas
  18 orc wizards
  Ijyb (D:5)
  9 hell rats (Lair:3)
  A hound zombie (D:4)
  5 acid dragon simulacra (IceCv)
  13 gnolls
  A howler monkey skeleton (D:6)
  8 adders
  2 shadow imps
  4 white imps
  An ufetubus (D:6)
  11 steam dragon simulacra (IceCv)
  2 worms
  81 orcs
  9 endoplasms
  6 giant cockroaches
  9 goblins
  11 hobgoblins
  5 jackals
  6 kobolds
  4 ball pythons (D:1)
  6 bats (D:1)
  7 frilled lizards
  6 rats
  A tentacle (Shoals:4)
1376 creatures vanquished.

Vanquished Creatures (others)
  A human (D:13)
  A wolf (Lair:3)
  38 fulminant prisms
  15 tentacles
55 creatures vanquished.

Grand Total: 1431 creatures vanquished

Notes
Turn   | Place    | Note
-------+----------+-------------------------------------------
     0 | D:1      | tinescath the Gargoyle Earth Elementalist began the quest
                  | for the Orb.
     0 | D:1      | Reached XP level 1. HP: 10/10 MP: 3/3
   363 | D:1      | Reached skill level 1 in Transmutations
   363 | D:1      | Reached XP level 2. HP: 15/15 MP: 1/5
   609 | D:1      | Reached skill level 4 in Earth Magic
   699 | D:1      | Reached XP level 3. HP: 19/19 MP: 0/6
   976 | D:1      | Learned a level 2 spell: Passwall
   980 | D:1      | Learned a level 3 spell: Stone Arrow
  1374 | D:2      | Reached XP level 4. HP: 24/24 MP: 8/8
  1693 | D:2      | Reached skill level 1 in Conjurations
  2045 | D:3      | Found a stormy altar of Qazlal.
  2161 | D:3      | Found a snail-covered altar of Cheibriados.
  2351 | D:3      | Found an iron altar of Okawaru.
  2381 | D:3      | Found a shimmering altar of Xom.
  2445 | D:4      | Found a staircase to the Ecumenical Temple.
  2554 | D:4      | Reached skill level 5 in Earth Magic
  2554 | D:4      | Reached XP level 5. HP: 21/28 MP: 4/9
  2746 | D:4      | Found a runed translucent gate.
  2746 | D:4      | Found a runed translucent gate.
  2746 | D:4      | Found a runed translucent gate.
  2746 | D:4      | Noticed thirtiethelement's ghost (amateur DsCA)
  2767 | D:4      | Found a basalt altar of Yredelemnul.
  2979 | D:4      | Noticed a black bear
  2996 | D:4      | Killed a black bear
  2997 | D:4      | Reached XP level 6. HP: 16/32 MP: 7/11
  3093 | D:4      | Found a radiant altar of Vehumet.
  3125 | D:4      | Became a worshipper of Vehumet
  3479 | D:4      | Found an ornate altar of the Wu Jian Council.
  3621 | D:4      | Learned a level 2 spell: Searing Ray
  3685 | D:5      | Entered Level 5 of the Dungeon
  3749 | D:5      | Reached skill level 6 in Earth Magic
  3790 | D:5      | Reached XP level 7. HP: 36/36 MP: 13/13
  4016 | D:5      | Found a burning altar of Makhleb.
  4279 | D:5      | Noticed Ijyb
  4286 | D:5      | Killed Ijyb
  4331 | D:5      | Found a bloodstained altar of Trog.
  4561 | D:5      | Found a runed translucent door.
  4562 | D:5      | Noticed Crazy Yiuf
  4567 | D:5      | Killed Crazy Yiuf
  4636 | D:5      | Reached skill level 5 in Spellcasting
  4636 | D:5      | Reached skill level 7 in Earth Magic
  4640 | D:5      | Reached skill level 5 in Conjurations
  4640 | D:5      | Reached XP level 8. HP: 15/41 MP: 1/15
  5127 | D:6      | Reached skill level 1 in Fighting
  5238 | D:6      | Reached * piety under Vehumet
  5238 | D:6      | Offered knowledge of Shock by Vehumet.
  5241 | D:6      | Reached skill level 8 in Earth Magic
  5535 | D:6      | Reached XP level 9. HP: 51/51 MP: 12/18
  5579 | D:6      | Found a hazy altar of Hepliaklqana.
  6386 | D:7      | Reached skill level 9 in Earth Magic
  6694 | D:7      | Reached skill level 5 in Fighting
  6763 | D:7      | Reached ** piety under Vehumet
  6821 | D:7      | Offered knowledge of Freeze by Vehumet.
  6941 | D:7      | Learned a level 1 spell: Freeze
  6947 | D:7      | Learned a level 5 spell: Iskenderun's Battlesphere
  6952 | D:7      | Learned a level 4 spell: Fulminant Prism
  7032 | D:7      | Noticed a kobold demonologist
  7038 | D:7      | Reached XP level 10. HP: 59/59 MP: 15/20
  7038 | D:7      | Killed a kobold demonologist
  7039 | D:7      | Reached skill level 1 in Ice Magic
  7704 | D:8      | Noticed Joseph
  7709 | D:8      | Killed Joseph
  7711 | D:8      | Identified the +0 leather armour of the Onion {Dex+4}
  7814 | D:8      | Reached skill level 10 in Earth Magic
  7875 | D:8      | Noticed Jeremiah
  7884 | D:8      | Killed Jeremiah
  8054 | D:8      | Noticed Grum
  8062 | D:8      | Killed Grum
  8862 | D:9      | Offered knowledge of Hailstorm by Vehumet.
  8867 | D:9      | Learned a level 3 spell: Hailstorm
  9000 | D:9      | Found a blossoming altar of Fedhas.
  9058 | D:9      | Found a broken altar of Ashenzari.
  9231 | D:9      | Reached *** piety under Vehumet
  9233 | D:9      | Reached XP level 11. HP: 67/67 MP: 13/23
  9811 | D:10     | Entered Level 10 of the Dungeon
  9811 | D:10     | Noticed Psyche
  9813 | D:10     | Killed Psyche
  9912 | D:10     | Found a glowing silver altar of Zin.
 10042 | D:10     | Noticed Lodul
 10052 | D:10     | Killed Lodul
 10052 | D:10     | Offered knowledge of Dazzling Flash by Vehumet.
 10053 | D:10     | Reached skill level 11 in Earth Magic
 10177 | D:10     | Noticed Fannar
 10287 | D:10     | Killed Fannar
 10412 | D:10     | Found Dyryim's Book Boutique.
 10456 | D:10     | Found a glowing silver altar of Zin.
 10456 | D:10     | Noticed an angel
 10485 | D:10     | Noticed cforsyth's ghost (journeyman GnAr)
 10496 | D:10     | Found a runed translucent gate.
 10496 | D:10     | Found a runed translucent gate.
 10496 | D:10     | Found a runed translucent gate.
 10506 | D:10     | Reached skill level 5 in Ice Magic
 10678 | D:10     | Reached **** piety under Vehumet
 10731 | D:10     | Offered knowledge of Mephitic Cloud by Vehumet.
 10740 | D:10     | Learned a level 3 spell: Mephitic Cloud
 11111 | D:11     | Noticed a two-headed ogre
 11118 | D:11     | Killed a two-headed ogre
 11568 | D:11     | Reached skill level 10 in Conjurations
 11622 | D:11     | Found a staircase to the Lair.
 11970 | D:11     | Found a staircase to the Orcish Mines.
 11986 | D:11     | Reached XP level 12. HP: 75/75 MP: 22/25
 12131 | D:11     | Identified the +3 ring mail "Tijicim" {Will+}
 12216 | D:11     | Noticed a two-headed ogre
 12226 | D:11     | Killed a two-headed ogre
 12501 | D:12     | Reached skill level 12 in Earth Magic
 12945 | D:12     | Noticed a boulder beetle
 12973 | D:12     | Killed a boulder beetle
 13413 | Lair:1   | Entered Level 1 of the Lair of Beasts
 13880 | Lair:1   | Noticed a skyshark
 13895 | Lair:1   | Killed a skyshark
 14938 | Lair:1   | Reached ***** piety under Vehumet
 15399 | Lair:1   | Noticed a boulder beetle
 15722 | Lair:1   | Killed a boulder beetle
 15723 | Lair:1   | Reached skill level 10 in Fighting
 15723 | Lair:1   | Reached skill level 10 in Spellcasting
 15723 | Lair:1   | Reached XP level 13. HP: 82/82 MP: 18/27
 15725 | Lair:1   | Identified the ring of the Tarantula {Fire *Corrode MP+9
                  | Str+5 Int+3}
 15994 | Lair:2   | Reached skill level 13 in Earth Magic
 15996 | Lair:2   | Offered knowledge of Ozocubu's Refrigeration by Vehumet.
 16005 | Lair:2   | Learned a level 7 spell: Ozocubu's Refrigeration
 16326 | Lair:2   | Found a hole to the Spider Nest.
 16466 | Lair:2   | Identified the ring "Benahuan" {rN+ Str+2 Slay+2}
 17381 | Lair:3   | Found a gate leading to a gauntlet.
 17391 | Gauntlet | Entered a Gauntlet
 17391 | Gauntlet | Found a transporter.
 17391 | Gauntlet | Found a transporter.
 17391 | Gauntlet | Found a transporter.
 17463 | Gauntlet | Found a transporter.
 17466 | Gauntlet | Found a transporter.
 17466 | Gauntlet | Found a transporter.
 17476 | Gauntlet | Found a transporter.
 17478 | Gauntlet | Noticed a reaper
 17480 | Gauntlet | Found a transporter.
 17484 | Gauntlet | Noticed a great orb of eyes
 17496 | Gauntlet | Found a transporter.
 17593 | Gauntlet | Found a transporter.
 17595 | Gauntlet | Found a transporter.
 17605 | Gauntlet | Found a transporter.
 17924 | Gauntlet | Killed a reaper
 18073 | Gauntlet | Killed a great orb of eyes
 18117 | Gauntlet | Identified the ring "Haeqecvi" {rPois rF- rCorr Str+3
                  | Dex+3}
 18140 | Gauntlet | Noticed a minotaur
 18145 | Gauntlet | Killed a minotaur
 18581 | Gauntlet | Identified the amulet "Diel" {Reflect Contam +Inv Will+
                  | SH+5}
 18659 | Lair:1   | Identified a scroll of acquirement
 18659 | Lair:1   | Acquired the staff of the Unliving {rF+ Str+3 Dex+3 Earth}
 19646 | Lair:3   | Reached skill level 14 in Earth Magic
 19849 | Lair:3   | Gained mutation: Your large and strong wings let you fly.
                  | [Gargoyle growth]
 19849 | Lair:3   | Reached XP level 14. HP: 90/90 MP: 26/28
 19879 | Lair:3   | Found a white marble altar of Elyvilon.
 19992 | Lair:3   | Found a runed translucent door.
 19993 | Lair:3   | Noticed Rupert
 20135 | Lair:3   | Found a staircase to the Shoals.
 20656 | Lair:4   | Found a staircase to the Slime Pits.
 21128 | Lair:4   | Offered knowledge of Lee's Rapid Deconstruction by Vehumet.
 21726 | Lair:5   | Entered Level 5 of the Lair of Beasts
 23841 | Lair:4   | Learned a level 5 spell: Lee's Rapid Deconstruction
 25613 | Lair:5   | Offered knowledge of Leda's Unmaking by Vehumet.
 25623 | Lair:5   | Reached XP level 15. HP: 64/95 MP: 4/33
 26042 | Lair:5   | Got the Tome of Rotting Flesh
 26787 | Lair:1   | Learned a level 5 spell: Freezing Cloud
 26790 | Lair:1   | Upgraded the game from 0.31-a0-596-g831eee08f1 to
                  | 0.31-a0-609-g7bf6ffcfed
 26834 | Orc:1    | Entered Level 1 of the Orcish Mines
 27420 | Orc:1    | Noticed an orc warlord
 27425 | Orc:1    | Killed an orc warlord
 27802 | Orc:1    | Offered knowledge of Starburst by Vehumet.
 28186 | Orc:1    | You are sucked into a shaft and drop 1 floor!
 28186 | Orc:2    | Entered Level 2 of the Orcish Mines
 28224 | Orc:2    | Found a frozen archway.
 28233 | IceCv    | Entered an ice cave
 28418 | IceCv    | Reached skill level 15 in Spellcasting
 29164 | Orc:1    | Found Ganooleuj's General Store.
 29214 | Orc:2    | Offered knowledge of Plasma Beam by Vehumet.
 29462 | Orc:2    | Found a staircase to the Elven Halls.
 29780 | Orc:2    | Found Roxicep's Antique Weapon Emporium.
 30095 | Orc:2    | Found Zyczoah's Distillery.
 30095 | Orc:2    | Found Majig's Antique Armour Shoppe.
 30177 | Orc:2    | Found Idwymira's Assorted Antiques.
 30177 | Orc:2    | Found Dapnu's Distillery.
 30221 | Orc:2    | Bought a potion of heal wounds for 175 gold pieces
 31021 | D:13     | Offered knowledge of Eringya's Noxious Bog by Vehumet.
 31381 | D:13     | Noticed Maurice
 31388 | D:13     | Killed Maurice
 32373 | D:13     | Reached skill level 10 in Ice Magic
 32424 | D:13     | Found an iron altar of Okawaru.
 32440 | D:13     | Noticed Kirke
 32510 | D:13     | Found a transporter.
 32606 | D:13     | Found a transporter.
 32823 | D:13     | Found a gate to the Vaults.
 32886 | D:13     | Killed Kirke
 33044 | D:13     | Noticed Azrael
 33049 | D:13     | Reached skill level 15 in Earth Magic
 33050 | D:13     | Killed Azrael
 33295 | D:14     | Reached XP level 16. HP: 102/102 MP: 23/35
 33995 | D:14     | Found a portal to a secret trove of treasure.
 34080 | D:14     | Found Oleiqu's Jewellery Shoppe.
 34337 | D:15     | Entered Level 15 of the Dungeon
 34390 | D:15     | Found a radiant altar of Vehumet.
 34402 | D:15     | Noticed Agnes
 34817 | D:15     | Noticed Louise
 35913 | D:15     | Found a staircase to the Depths.
 36160 | D:15     | Killed Louise
 36290 | D:15     | Killed Agnes
 36631 | Spider:1 | Entered Level 1 of the Spider Nest
 38092 | Shoals:1 | Entered Level 1 of the Shoals
 38145 | Shoals:1 | Reached skill level 16 in Earth Magic
 39763 | Spider:2 | Reached XP level 17. HP: 108/109 MP: 26/37
 39990 | Spider:2 | Identified the +5 scale mail "Wogisiul" {*Slow +Inv MP+9}
 40013 | Spider:2 | Reached skill level 1 in Shields
 40373 | Spider:2 | Got Dispater's Quarto of the Valley and the Legion
 40415 | Spider:2 | Reached ****** piety under Vehumet
 40415 | Spider:2 | Offered knowledge of Spellforged Servitor by Vehumet.
 42590 | Shoals:1 | Noticed Josephine
 43307 | D:4      | Killed thirtiethelement's ghost
 44549 | Spider:3 | Identified the +4 long sword of Conscience {drain, Int+5}
 44845 | Spider:4 | Entered Level 4 of the Spider Nest
 46685 | Spider:4 | Identified the +2 leather armour "Weocru Qovi" {Harm Dex+4}
 46760 | Spider:4 | Reached skill level 15 in Conjurations
 47234 | Spider:4 | Offered knowledge of Polar Vortex by Vehumet.
 47234 | Spider:4 | Offered knowledge of Ignition by Vehumet.
 48117 | Spider:4 | Noticed Roxanne
 48121 | Spider:4 | Killed Roxanne
 48122 | Spider:4 | Reached skill level 5 in Shields
 48122 | Spider:4 | Reached skill level 17 in Earth Magic
 48128 | Spider:4 | Identified the +1 hand axe of Biof {holy, rPois Will+
                  | Str+4}
 49114 | Spider:4 | Reached XP level 18. HP: 110/117 MP: 13/38
 49162 | Spider:3 | HP: 4/117 [ghost moth (13)]
 52614 | Spider:4 | Got a gossamer rune of Zot
 52955 | Shoals:1 | Noticed Donald
 53597 | Lair:3   | Killed Donald
 53941 | Lair:3   | Learned a level 8 spell: Lehudib's Crystal Spear
 54367 | Shoals:1 | Killed Josephine
 54676 | Shoals:1 | Found Pout's Distillery.
 55211 | Shoals:1 | Found Buosedd's Distillery.
 56126 | Shoals:1 | Identified the +0 animal skin "Terienk" {Str+2}
 56917 | Shoals:2 | HP: 2/118 [alligator snapping turtle (25)]
 58720 | Shoals:3 | Reached skill level 15 in Fighting
 59941 | Shoals:4 | Entered Level 4 of the Shoals
 61034 | Shoals:4 | Reached skill level 18 in Earth Magic
 61068 | Shoals:4 | Reached XP level 19. HP: 81/124 MP: 18/40
 61816 | Shoals:4 | Got the Secrets of Accompaniment
 63128 | Shoals:4 | Got a barnacled rune of Zot
 63677 | Slime:1  | Entered Level 1 of the Pits of Slime
 63697 | Slime:1  | HP: 3/124 [rockslime (29)]
 64272 | Elf:1    | Entered Level 1 of the Elven Halls
 64464 | Elf:1    | Paralysed by an air elemental for 1 turns
 64575 | Elf:1    | Identified the +7 chain mail of Resilience {Fly Str+6
                  | Int-3}
 64606 | Elf:1    | Identified the +0 chain mail of Untold Secrets {rElec rPois
                  | Int-2 Dex+3}
 65579 | Elf:1    | Found a runed translucent gate.
 65579 | Elf:1    | Found a runed translucent gate.
 65579 | Elf:1    | Found a runed translucent gate.
 65579 | Elf:1    | Found a runed translucent gate.
 65579 | Elf:1    | Found a runed translucent gate.
 65580 | Elf:1    | Found a runed translucent gate.
 65957 | Vaults:1 | Entered Level 1 of the Vaults
 67999 | Vaults:1 | Identified the staff of a bazaar {*Slow rPois Str+4 Earth}
 68589 | Vaults:1 | Identified the +6 quarterstaff of the Final Decision
                  | {flame, Will+}
 69333 | Vaults:1 | Reached XP level 20. HP: 93/132 MP: 18/41
 69602 | Vaults:1 | Reached skill level 19 in Earth Magic
 76439 | Vaults:3 | Reached skill level 15 in Ice Magic
 76504 | Vaults:3 | Found a flickering gateway to a bazaar.
 76514 | Bazaar   | Entered a bazaar
 76515 | Bazaar   | Found Kaetav's Weapon Shop.
 76515 | Bazaar   | Found Renughaph's Magic Scroll Boutique.
 76621 | Bazaar   | Found Fatsypar's Magic Scroll Emporium.
 76652 | Bazaar   | Found Eghuos's Assorted Antiques.
 76660 | Bazaar   | Bought a scroll of amnesia for 108 gold pieces
 76674 | Bazaar   | Learned a level 9 spell: Shatter
 76790 | Vaults:3 | Found a staircase to the Crypt.
 76790 | Vaults:3 | Found an ancient bone altar of Kikubaaqudgha.
 76790 | Vaults:3 | Found a basalt altar of Yredelemnul.
 77270 | Vaults:3 | Noticed Zenata
 77291 | Vaults:3 | Mangled by a +2 morningstar of draining

Illustrated notes

Levels and vault maps discovered:
D:1:      mrwooster_arrival_statue_2, layout_basic
D:2:      layout_basic, chequers_mini_garden
D:3:      layout_rooms, cheibriados_altar_1, mainiacjoe_overflow_two_lobes,
          nicolae_qazlal_scattered_showers
D:4:      layout_cave_pods, nicolae_yredelemnul_ghost_church,
          mainiacjoe_overflow_tiny_flanked, nzn_wu_jian_contemplation,
          minmay_temple_entry_slanted
D:5:      layout_loops_ring, general_overflow_altar,
          mainiacjoe_overflow_cross_hatched, uniq_ijyb, uniq_crazy_yiuf_cottage
D:6:      layout_cave_pools, mainiacjoe_overflow_small_starburst, serial_undead,
          serial_undead_f, serial_undead_f, serial_undead_d, serial_undead_c,
          serial_undead_c, serial_undead_c, serial_undead_a, serial_undead_c,
          serial_undead_b, serial_undead_e, kennysheep_small_square
D:7:      layout_gridville
D:8:      layout_basic, uniq_joseph, uniq_jeremiah, uniq_grum
D:9:      layout_cave_pods, mainiacjoe_overflow_boulevard,
          mainiacjoe_overflow_concentric_impassable
D:10:     layout_roguey, zin_angel, serial_shops, nicolae_take_the_stairs,
          gammafunk_ghost_icy, kennysheep_small_circle, uniq_lodul, uniq_fannar,
          uniq_psyche
D:11:     layout_basic, lair_entry_dummy, orc_0_dummy
D:12:     layout_long_grid
D:13:     gammafunk_dig_for_victory, layout_irregular_city,
          hangedman_vaults_entry_quadrant_bands, okawaru_ov_weapons_minmay,
          uniq_kirke, uniq_azrael, uniq_maurice
D:14:     layout_loops_cross, hangedman_decor_diamond_cutter,
          nicolae_trove_entry_free_sample, serial_shops, shop
D:15:     gammafunk_depths_entry_grave, layout_stronghold, basic_altar,
          uniq_louise, uniq_agnes
Lair:1:   layout_misc_corridors, nzn_random_ring, grunt_megastairs_5,
          serial_bayou_shore_a
Lair:2:   layout_layer_cave, spider_nest_entry_a, beast_lair_carwin_9,
          grunt_megastairs_1
Lair:3:   layout_long_grid, minmay_shoals_entry_beasts, basic_altar,
          gauntlet_entry_generic, special_room [special_room_mythical_zoo],
          pdpol_lair_cabin_in_the_woods, grunt_megastairs_4,
          infiniplex_staircase_pool_2
Lair:4:   layout_layer_cave, slime_entry_1
Lair:5:   minmay_lair_end_frog_pond, layout_loops_ring, worms_lemuel,
          lemuel_fruit_tree
Shoals:1: argonaut_golden_fleece, layout_shoals, serial_shops, shop,
          nicolae_shoals_c_island, uniq_donald, uniq_josephine
Shoals:2: layout_shoals, nicolae_shoals_seven_spires
Shoals:3: layout_shoals
Shoals:4: shoals_end_hangedman, layout_shoals, nicolae_shoals_sun_and_surf
Spider:1: layout_cave_pods, drop_trap
Spider:2: layout_spider_delve
Spider:3: layout_spider_delve
Spider:4: grunt_spider_rune_circles, uniq_roxanne
Slime:1:  layout_caves
Orc:1:    layout_diamond_mine, serial_shops, shop, minmay_orc_temple_c
Orc:2:    st_orc_town, layout_diamond_mine, basic_altar,
          portal_ice_cave_entry_pillars_2, serial_shops, shop
Elf:1:    eino_elf_arrival_sip, layout_geoelf_octagon, orc_legates
Vaults:1: st_eye, grunt_vaults_hallway_short, v_misc_29,
          vaults_room_fancy_cross, nicolae_vaults_closet_pinwheel_1, v_misc_1,
          nicolae_vaults_apartment_1, layout_vaults_omnigrid
Vaults:2: v_misc_26, nicolae_vaults_shrinking_rooms_1,
          nicolae_vaults_ring_of_whatevers, nicolae_vaults_tangram_2,
          nicolae_vaults_rhombus_6, nicolae_vaults_border_crossing, v_misc_33,
          vaults_room_ringed_pool, vaults_room_semicircle,
          ontoclasm_vaults_hangar, nicolae_vaults_closet_pinwheel_5,
          nicolae_vaults_specimen_jars, nicolae_vaults_surprise_closet,
          nicolae_vaults_surprise_closet_hard, layout_vaults_big_room
Vaults:3: vaults_room_grunt_arrival_checkpoint, v_rooms_3, v_misc_10,
          ontoclasm_vaults_pinch, v_alt_pattern_1,
          ontoclasm_vaults_claustrophobia, v_pattern_1, nicolae_vaults_arrows,
          nicolae_vaults_cornered_office, nicolae_vaults_little_squares_5,
          minmay_crypt_entry_necro_gods, nicolae_vaults_layer_cake_slice,
          layout_vaults_big_cross, serial_shops, bzr_entry_islet, uniq_zenata,
          uniq_aizul

Skill      XL: |  1  2  3  4  5  6  7  8  9 10 11 12 13 14 15 16 17 18 19 20 |
---------------+-------------------------------------------------------------+-----
Transmutations | 1 |  1.0
Earth Magic    | 4 5 6 7 8 9 10 11 12 14 15 16 17 18 19 | 19.8
Conjurations   | 2 3 5 6 7 8 10 11 12 13 14 15 16 17 | 17.8
Spellcasting   | 3 4 5 6 7 8 9 10 14 15 16 17 18 | 18.2
Fighting       | 3 5 7 8 10 11 12 13 14 15 16 17 | 17.1
Ice Magic      | 3 5 7 8 9 10 11 12 13 14 15 | 15.1
Shields        | 5 |  5.0
Dodging        | |  1.7
Stealth        | |  2.4

Action                     |  1- 3 |  4- 6 |  7- 9 | 10-12 | 13-15 | 16-18 | 19-21 || total
---------------------------+-------+-------+-------+-------+-------+-------+-------++-------
  Melee: Unarmed           |    20 |       |       |       |       |       |       ||    20
         Club              |     8 |       |       |       |       |       |       ||     8
         Dagger            |    93 |   160 |    61 |       |       |       |       ||   314
         Punch             |     2 |     2 |       |     1 |     1 |       |       ||     6
         Staff             |       |       |     1 |    19 |    12 |    99 |     7 ||   138
         Long sword        |       |       |       |       |       |     2 |       ||     2
   Cast: Sandblast         |    19 |    21 |   128 |   260 |   572 |   601 |   254 ||  1855
         Stone Arrow       |       |       |    10 |    21 |   131 |   258 |   220 ||   640
         Searing Ray       |       |       |     5 |     2 |     1 |     1 |     1 ||    10
         Iskenderun's Batt |       |       |     1 |    10 |    25 |    80 |    39 ||   155
         Fulminant Prism   |       |       |       |    14 |    24 |       |       ||    38
         Hailstorm         |       |       |       |    11 |    18 |       |       ||    29
         Freeze            |       |       |       |    24 |    38 |    18 |     7 ||    87
         Mephitic Cloud    |       |       |       |     2 |     4 |       |       ||     6
         Ozocubu's Refrige |       |       |       |       |     9 |    79 |    34 ||   122
         Lee's Rapid Decon |       |       |       |       |    38 |   134 |    93 ||   265
         Freezing Cloud    |       |       |       |       |     3 |    20 |    40 ||    63
         Lehudib's Crystal |       |       |       |       |       |       |    10 ||    10
         Shatter           |       |       |       |       |       |       |     3 ||     3
    Use: Scroll            |       |       |       |    10 |    20 |    15 |     6 ||    51
         Potion            |       |       |       |     9 |     3 |     8 |     1 ||    21
   Stab: Sleeping          |     4 |     3 |       |       |       |       |       ||     7
 Armour: Robe              |    53 |    77 |    56 |   115 |   277 |   706 |   211 ||  1495
  Dodge: Dodged            |    93 |    91 |    97 |   170 |   322 |   548 |   170 ||  1491
  Block: Other             |       |       |       |       |   105 |    44 |       ||   149
         Reflection        |       |       |       |       |    10 |    29 |    17 ||    56
         Buckler           |       |       |       |       |       |   436 |   175 ||   611

Table legend: (Time is in decaauts)
 A = Elapsed time spent in this place.
 B = Non-inter-level travel time spent in this place.
 C = Inter-level travel time spent in this place.
 D = Time resting spent in this place.
 E = Time spent auto-exploring this place.
 F = Levels seen in this place.
 G = Mean time per level.
                   A        B        C        D        E       F      G
               +--------+--------+--------+--------+--------+-----+--------+
         Total |  78370 |  73598 |   4772 |  32592 |  29524 |  38 | 2062.4 |
       Dungeon |  21654 |  20161 |   1493 |   5279 |  11877 |  15 | 1443.6 |
          Lair |  16507 |  14837 |   1670 |   7066 |   5714 |   5 | 3301.4 |
        Shoals |   9125 |   8773 |    352 |   3258 |   3989 |   4 | 2281.2 |
   Spider Nest |  13869 |  13091 |    778 |   8101 |   3237 |   4 | 3467.2 |
    Slime Pits |     24 |     24 |      0 |      0 |      0 |   1 |   24.0 |
  Orcish Mines |   3460 |   3223 |    237 |   1466 |    895 |   2 | 1730.0 |
   Elven Halls |   1591 |   1523 |     68 |    554 |    725 |   1 | 1591.0 |
        Vaults |   9947 |   9778 |    169 |   5927 |   2426 |   3 | 3315.7 |
        Bazaar |    170 |    170 |      0 |      0 |    142 |   1 |  170.0 |
      Ice Cave |    800 |    800 |      0 |    426 |    203 |   1 |  800.0 |
      Gauntlet |   1219 |   1219 |      0 |    514 |    316 |   1 | 1219.0 |
               +--------+--------+--------+--------+--------+-----+--------+

Top non-repeatable levels by time:
Spider:3: 5256 daAuts
Vaults:1: 4815 daAuts
  Lair:4: 4576 daAuts
  Lair:3: 4516 daAuts
Vaults:2: 4399 daAuts
Spider:4: 3865 daAuts
Spider:2: 3011 daAuts
    D:13: 2820 daAuts
  Lair:1: 2818 daAuts
Shoals:4: 2558 daAuts
Shoals:1: 2502 daAuts
  Lair:2: 2500 daAuts
Shoals:3: 2357 daAuts
    D:15: 2170 daAuts
    D:11: 2102 daAuts
